 Dungeon Crawl Stone Soup version 0.25-a0-843-g6944ee31a2 (webtiles) character file.

Game seed: 11092435883723490528, levelgen mode: deterministic

264 Esekla the Ducker (level 5, -2/22 HPs)
             Began as a Felid Skald on Apr 25, 2020.
             Slain by a worker ant (7 damage)
             ... on level 4 of the Dungeon.
             The game lasted 00:27:16 (5145 turns).

Esekla the Ducker (Felid Skald)                     Turns: 5145, Time: 00:27:16

Health: -2/22      AC:  2    Str:  7    XL:     5   Next: 98%
Magic:  0/11       EV: 20    Int: 17    God:
Gold:   252        SH:  0    Dex: 15    Spells: 5/11 levels left
                                        Lives:  0   Deaths: 1

rFire    . . .     SeeInvis +     - Unarmed
rCold    . . .     Gourm    .   (shield unavailable)
rNeg     . . .     Faith    .   (armour unavailable)
rPois    .         Spirit   +   (helmet unavailable)
rElec    .         Reflect  .   (cloak unavailable)
rCorr    .         Harm     .   (gloves unavailable)
MR       .....                  (boots unavailable)
Stlth    +++.......             l - amulet of guardian spirit
HPRegen  0.07/turn              (no ring)
MPRegen  0.12/turn              (no ring)

@: quick
A: very small, no armour, no weapons or thrown items, stealth, claws 1, fangs 3,
see invisible, carnivore, speed 1, shaggy fur 2, slow metabolism 1, sharp paws
a: no special abilities


You were on level 4 of the Dungeon.
You were full.

You visited 1 branch of the dungeon, and saw 6 of its levels.
You also visited: Sewer.

You collected 252 gold pieces.

Inventory:

Jewellery
 l - an amulet of guardian spirit (around neck)
Scrolls
 c - 2 scrolls of remove curse {unknown}
 e - a scroll of teleportation {unknown}
 h - 2 scrolls of random uselessness {unknown}
 m - a scroll of silence {unknown}
 n - a scroll of fear {unknown}
 s - a scroll of amnesia {unknown}
 t - a scroll of blinking {unknown}
Potions
 a - a potion of lignification
 d - a potion of haste {unknown}
 f - 3 potions of stabbing
 g - 2 potions of curing
 i - a potion of invisibility {unknown}
 j - 2 potions of flight
 k - 2 potions of heal wounds {unknown}
 o - a potion of degeneration {unknown}
 p - a potion of berserk rage {unknown}
 q - a potion of might
 r - a potion of mutation {unknown}
Comestibles
 b - 5 rations


   Skills:
 - Level 2.0 Fighting
 * Level 5.0 Dodging
 + Level 3.0 Stealth
 + Level 4.1 Unarmed Combat
 * Level 3.6 Spellcasting
 - Level 3.6 Charms
 * Level 3.4 Translocations
 * Level 2.0 Ice Magic


You had 5 spell levels left.
You knew the following spells:

 Your Spells              Type           Power        Failure   Level  Hunger
a - Infusion              Chrm           ###.         3%          1    None
b - Shroud of Golubria    Chrm/Tloc      ###...       6%          2    ##.....
c - Ozocubu's Armour      Chrm/Ice       ##......     16%         3    ###....

Your spell library contained the following spells:

 Spells                   Type           Power        Failure   Level  Hunger
 Song of Slaying          Chrm           ###.....     5%          2    ##.....
 Spectral Weapon          Hex/Chrm       Unusable     N/A         3    N/A

Dungeon Overview and Level Annotations

Branches:
Dungeon (6/15)              Sewer (visited)
 Temple: D:4-7

Altars:


Innate Abilities, Weirdness & Mutations

You cannot wear armour.
You are incapable of wielding weapons or throwing items.
Your paws allow you to move quietly. (Stealth)
You have sharp claws.
You have razor-sharp teeth.
You have supernaturally acute eyesight. (SInv)
You are carnivorous and can eat meat at any time.
You cover ground quickly.
You are covered in thick fur. (AC +2)
You have a slow metabolism.
Your sharp claws are effective at attacking unaware monsters.


Message History

Confirm with . or Enter, or press ? or * to list all spells.
Space distorts slightly along a thin shroud covering your body.
The worker ant closely misses you.
You closely miss the worker ant.
The worker ant is severely wounded.
The worker ant misses you.
You completely miss the worker ant.
You bite the worker ant, but do no damage.
The worker ant is severely wounded.
The worker ant bites you!
* * * LOW HITPOINT WARNING * * *
Your shroud falls apart!
The worker ant closely misses you.
Casting: Shroud of Golubria (safe; 6% risk of failure)
Confirm with . or Enter, or press ? or * to list all spells.
You don't have enough magic to cast that spell.
You barely miss the worker ant.
The worker ant is severely wounded.
The worker ant bites you!
You die...

#.# #.#
#.#########
#.........#
##.#######.#
##...##
#.########
#.....#
#.#.......
####[.a####
#.#.######
#....@....#
#.......#
#.###.###.#
###.###.# ..
..# # #.#
#.# ## ##+#
#.###.##
#.......
##......
##..##.##
#...##.##
..........


You could see a worker ant.

Vanquished Creatures
  Menkaure (D:6)
  A crocodile (Sewer)
  2 howler monkeys
  An orc priest (D:4)
  A worker ant (D:6)
  6 adders
  3 oozes
  2 worms
  A dart slug (D:1)
  8 leopard geckos
  4 orcs
  4 ball pythons
  9 giant cockroaches
  7 goblins
  4 hobgoblins
  7 jackals
  12 kobolds
  A quokka (D:2)
  11 bats
  2 frilled lizards
  A leopard gecko zombie (D:6)
  10 rats
98 creatures vanquished.

Notes
Turn   | Place    | Note
-------+----------+-------------------------------------------
     0 | D:1      | Esekla the Felid Skald began the quest for the Orb.
     0 | D:1      | Reached XP level 1. HP: 9/9 MP: 4/4
   177 | D:2      | Reached XP level 2. HP: 9/13 MP: 3/6
   275 | D:2      | Learned a level 2 spell: Shroud of Golubria
   438 | D:2      | Reached skill level 1 in Translocations
   600 | D:3      | Reached XP level 3. HP: 9/16 MP: 7/7
   605 | D:3      | Learned a level 3 spell: Ozocubu's Armour
   933 | D:3      | Reached skill level 4 in Dodging
   933 | D:3      | Reached skill level 1 in Stealth
  1452 | D:5      | Entered Level 5 of the Dungeon
  1469 | D:5      | Noticed an ice beast
  1541 | D:5      | Found a glowing drain.
  1602 | Sewer    | Entered a sewer
  1611 | Sewer    | Reached XP level 4. HP: 18/19 MP: 3/9
  1704 | Sewer    | Noticed a crocodile
  1728 | Sewer    | Killed a crocodile
  1728 | Sewer    | Reached skill level 1 in Ice Magic
  1728 | Sewer    | Reached XP level 5. HP: 1/22 MP: 3/10
  2168 | D:5      | Noticed a phantom
  2471 | D:6      | Noticed Menkaure
  2481 | D:6      | Killed Menkaure
  2481 | D:6      | Gained mutation: You are covered in thick fur. (AC +2)
                  | [Felid growth]
  2481 | D:6      | Reached XP level 6. HP: 15/26 MP: 1/11
  4708 | D:4      | Reached skill level 5 in Dodging
  4714 | D:4      | Slain by an orc wizard
  4715 | D:4      | Reached XP level 5. HP: 0/22 MP: 0/11
  5145 | D:4      | Slain by a worker ant

Levels and vault maps discovered:
D:1:      dpeg_arrival_boxes_within_box, layout_basic, minmay_hexomino_c4
D:2:      layout_basic
D:3:      minmay_angry_zag, layout_basic, first_ration
D:4:      layout_loops_corners, chequers_decorated_corner,
          kennysheep_windowed_goal
D:5:      layout_loops_ring, old_standard_altar, gup_sewer_entry_pipe,
          hangedman_decor_riveting, minmay_misc_feat_iff, uniq_prince_ribbit1
D:6:      layout_loops_ring, uniq_menkaure

Skill      XL: |  1  2  3  4  5  6 |
---------------+-------------------+-----
Translocations | 1 2 3 |  3.4
Dodging        | 4 5 |  5.0
Stealth        | 1 3 |  3.0
Unarmed Combat | 3 4 |  4.1
Ice Magic      | 1 2 |  2.0
Spellcasting   | 3 |  3.6
Fighting       | |  2.0
Charms         | |  3.6

Action                   |  1- 3 |  4- 6 || total
-------------------------+-------+-------++-------
Melee: Unarmed           |    98 |   248 ||   346
       Bite              |     9 |    22 ||    31
       Punch             |     2 |     5 ||     7
 Cast: Infusion          |    11 |    11 ||    22
       Shroud of Golubri |     2 |     8 ||    10
       Ozocubu's Armour  |       |     9 ||     9
  Use: Scroll            |     1 |     5 ||     6
       Potion            |       |     1 ||     1
 Stab: Distracted        |     2 |       ||     2
       Sleeping          |     1 |    10 ||    11
  Eat: Chunk             |     9 |     8 ||    17
Armor: Skin              |     7 |    19 ||    26
Dodge: Dodged            |    69 |   220 ||   289

Table legend:
 A = Non-vault XP
 B = Vault XP
 C = Vault XP percentage of total XP
 D = Non-vault monster count
 E = Vault monster count
 F = Vault count percentage of total count
                 A         B        C        D         E       F
            +---------+---------+-------+---------+---------+-------
      Total |     395 |     315 |  44.4 |      74 |      24 |  24.5
            +---------+---------+-------+---------+---------+-------
        D:1 |      26 |      12 |  31.6 |      14 |       6 |  30.0
        D:2 |      67 |       0 |   0.0 |      22 |       0 |   0.0
        D:3 |      57 |       8 |  12.3 |      20 |       5 |  20.0
        D:4 |     116 |       0 |   0.0 |      11 |       0 |   0.0
        D:5 |      13 |      16 |  55.2 |       1 |       6 |  85.7
        D:6 |     116 |     169 |  59.3 |       6 |       1 |  14.3
      Sewer |       0 |     110 | 100.0 |       0 |       6 | 100.0
            +---------+---------+-------+---------+---------+-------
